 Dungeon Crawl Stone Soup version bcrawl-1.21.2-1-g32d02e0829 (webtiles) character file.

Game seed: 3840108383976855626

574 Foic the Caller (level 7, -4/52 HPs)
             Began as a Demigod Summoner on Feb 20, 2020.
             Shot with an arrow by a centaur (13 damage)
             ... on level 5 of the Dungeon.
             The game lasted 00:39:09 (6782 turns).

Foic the Caller (Demigod Summoner)                  Turns: 6782, Time: 00:39:10

Health: -4/52      AC:  4    Str: 12    XL:     7   Next: 12%
Magic:  11/17      EV: 17    Int: 23    God:    Demigod [***...]
Gold:   342        SH:  0    Dex: 22    Spells: 2/15 levels left

rFire    . . .     SeeInvis .   q - +1 whip (drain)
rCold    . . .     Gourm    .   (no shield)
rNeg     . . .     Faith    .   G - +0 leather armour
rPois    .         Spirit   .   y - +0 helmet
rElec    .         Reflect  .   (no cloak)
rCorr    .         Harm     .   (no gloves)
MR       +....                  (no boots)
Stlth    +++.......             (no amulet)
HPRegen  0.17/turn              b - ring of protection from magic
MPRegen  0.15/turn              (no ring)

@: agile, lethally poisoned (-4 -> -16)
A: high mp 1
a: Temporal Distortion, Growth, Major Destruction


You were on level 5 of the Dungeon.
You worshipped Demigod.
Demigod was most pleased with you.
You were very hungry.

You visited 1 branch of the dungeon, and saw 5 of its levels.

You collected 342 gold pieces.

Inventory:

Hand Weapons
 k - a +0 dagger
 p - a +0 club
 q - a +1 whip of draining (weapon)
 u - a cursed -1 long sword
 B - a +0 spear
 F - a +0 trident
Missiles
 s - 1179 stones (quivered)
 D - 159 arrows
Armour
 a - a +0 robe
 m - a +1 scale mail of fire resistance
 y - a +0 helmet (worn)
 G - a +0 leather armour (worn)
Jewellery
 b - a ring of protection from magic (left hand)
 v - an uncursed ring of flight
 E - the amulet of the Camelopard {Spirit Dex+3 SInv}
   (You found it on level 4 of the Dungeon)

   [amulet of guardian spirit]

   It causes incoming damage to be split between your health and magic.
   It affects your dexterity (+3).
   It lets you see invisible.
Scrolls
 c - a scroll of summoning
 d - 7 scrolls of identify
 f - 6 scrolls of remove curse {unknown}
 i - 2 scrolls of blinking {unknown}
 n - 2 scrolls of teleportation {unknown}
 o - a scroll of enchant armour {unknown}
 x - 2 scrolls of magic mapping {unknown}
 z - a scroll of immolation {unknown}
 A - a scroll of enchant weapon {unknown}
 H - a scroll of amnesia {unknown}
Potions
 g - 3 potions of agility
 h - 2 potions of haste {unknown}
 j - 2 potions of resistance {unknown}
 l - 2 potions of mutation {unknown}
 r - a potion of curing {unknown}
 t - 3 potions of degeneration {unknown}
 w - a potion of cancellation {unknown}
 C - a potion of heal wounds {unknown}
Comestibles
 e - 10 rations {!d}


   Skills:
 + Level 1.0 Fighting
 + Level 0.1 Maces & Flails
 + Level 1.3 Armour
 + Level 2.0 Dodging
 + Level 2.1 Stealth
 + Level 4.6 Spellcasting
 + Level 5.4 Summonings
 * Level 1.6 Invocations


You had 2 spell levels left.
You knew the following spells:

 Your Spells              Type           Power        Failure   Level  Hunger
a - Summon Small Mammal   Summ           ####         1%          1    None
b - Call Imp              Summ           ####..       1%          2    None
c - Call Canine Familiar  Summ           ####....     4%          3    ##.....
d - Magic Dart            Conj           #...         13%         1    None
e - Blink                 Tloc           N/A          19%         2    None
f - Summon Ice Beast      Ice/Summ       ###.....     38%         4    ####...

Your spell library contained the following spells:

 Spells                   Type           Power        Failure   Level  Hunger
 Conjure Flame            Conj/Fire      #.......     36%         3    ##.....
 Mephitic Cloud           Conj/Pois/Air  #.......     36%         3    ##.....
 Spider Form              Tmut/Pois      #..          36%         3    ##.....
 Summon Lightning Spire   Summ/Air       ###.....     75%         5    #####..


Dungeon Overview and Level Annotations

Branches:
Dungeon (5/12)
 Temple: D:4-7

Shops:
D:5 (


Innate Abilities, Weirdness & Mutations

You have an increased reservoir of magic. (+10% MP)


Message History

* * * LOW HITPOINT WARNING * * *
You are lethally poisoned!
The scorpion poisons you!
* * * LOW HITPOINT WARNING * * *
You feel sick.
Your hound bites the scorpion.
Your hound bites the scorpion but does no damage.
* * * LOW HITPOINT WARNING * * *
You feel sick.
The centaur shoots an arrow.
The arrow hits your shadow imp!
Your hound bites the scorpion but does no damage.
The centaur shoots an arrow.
The arrow hits you.
* * * LOW HITPOINT WARNING * * *
Your crimson imp hits the scorpion but does no damage.
The scorpion barely misses your crimson imp.
It was a potion of agility.
You feel agile all of a sudden.
* * * LOW HITPOINT WARNING * * *
You feel sick.
Your hound barely misses the scorpion.
The centaur shoots an arrow.
The arrow hits you!
You die...
Your divinity fades.

## ..## #...
#.#.#.####).##
.............
.#.#..##...#
.....##...#
#.#..##...# ### #
#.#..##...#####...
.. .
#...5.@5..<.....#
...
###.s#.<#.#######
#.# #h5.....# #..
#.# #.....###
.#c#.. #.#
##.....# ......
#.# #.....# ......
#.# #(.....#
##.#.. #.#
#c.....# #.. #.#
#......# ....


You could see a centaur, a scorpion, a friendly hound, a friendly crimson imp
and a friendly shadow imp.

Vanquished Creatures
  An orc wizard (D:2)
  Terence (D:3)
  2 river rats (D:3)
  5 adders (D:3)
  A worm (D:4)
  An orc (D:2)
  3 goblins (D:3)
  A hobgoblin (D:3)
  2 quokkas
  A rat (D:2)
18 creatures vanquished.

Vanquished Creatures (collateral kills)
  2 ogres (D:3)
  A phantom (D:4)
  2 scorpions
  2 crimson imps (D:4)
  A hound (D:4)
  An orc priest (D:3)
  An iguana (D:4)
  An orc wizard (D:4)
  3 worker ants (D:4)
  A hound skeleton (D:4)
  Robin (D:3)
  4 adders
  2 river rats (D:3)
  3 gnolls (D:3)
  A shadow imp (D:5)
  An ooze (D:2)
  An adder zombie (D:5)
  6 worms
  4 dart slugs
  3 leopard geckos
  12 orcs
  3 bats (D:1)
  A giant cockroach (D:2)
  12 goblins
  11 hobgoblins
  5 jackals
  A quokka (D:3)
  4 ball pythons
  4 kobolds
  5 rats (D:2)
99 creatures vanquished.

Grand Total: 117 creatures vanquished

Notes
Turn   | Place    | Note
-------+----------+-------------------------------------------
     0 | D:1      | Foic the Demigod Summoner began the quest for the Orb.
     0 | D:1      | Reached XP level 1. HP: 14/14 MP: 5/5
   515 | D:1      | Reached XP level 2. HP: 20/20 MP: 1/7
   524 | D:1      | Learned a level 2 spell: Call Imp
   581 | D:1      | Reached skill level 4 in Summonings
  1178 | D:2      | Reached * piety under Demigod
  1476 | D:2      | Found a shimmering altar of Xom.
  1623 | D:2      | Reached XP level 3. HP: 26/26 MP: 2/8
  2286 | D:2      | Learned a level 3 spell: Call Canine Familiar
  2457 | D:2      | Reached XP level 4. HP: 15/33 MP: 7/10
  3063 | D:3      | Reached ** piety under Demigod
  3665 | D:3      | Found an ancient bone altar of Kikubaaqudgha.
  3709 | D:3      | Reached XP level 5. HP: 38/38 MP: 9/12
  3759 | D:3      | Noticed Terence
  3795 | D:3      | Killed Terence
  4651 | D:3      | Found a sparkling altar of Nemelex Xobeh.
  4803 | D:3      | Reached skill level 5 in Summonings
  4901 | D:3      | Found a corrupted altar of Lugonu.
  4908 | D:3      | Found a hide-covered altar of Uskayaw.
  4954 | D:3      | Noticed Robin
  4965 | D:3      | Killed Robin
  5056 | D:4      | Found a stormy altar of Qazlal.
  5074 | D:4      | Noticed an ogre
  5085 | D:4      | Noticed an ogre
  5171 | D:3      | Killed an ogre
  5171 | D:3      | Reached XP level 6. HP: 21/46 MP: 5/15
  5502 | D:4      | Learned a level 1 spell: Magic Dart
  5505 | D:4      | Learned a level 2 spell: Blink
  5529 | D:4      | Learned a level 4 spell: Summon Ice Beast
  5530 | D:4      | Found a white marble altar of Elyvilon.
  5530 | D:4      | Found a basalt altar of Yredelemnul.
  5587 | D:4      | Found a snail-covered altar of Cheibriados.
  5588 | D:4      | Got a translucent steel amulet
  5594 | D:4      | Identified the amulet of the Camelopard {Spirit Dex+3 SInv}
                  | (You found it on level 4 of the Dungeon)
  5680 | D:4      | Reached skill level 1 in Armour
  5884 | D:4      | Reached *** piety under Demigod
  6041 | D:4      | Reached skill level 1 in Invocations
  6103 | D:4      | Reached XP level 7. HP: 46/51 MP: 11/17
  6271 | D:5      | Entered Level 5 of the Dungeon
  6505 | D:5      | Found Ostretip's Weapon Shoppe.
  6652 | D:5      | Reached skill level 1 in Fighting
  6782 | D:5      | Shot with an arrow by a centaur

Skill      XL: |  1  2  3  4  5  6  7 |
---------------+----------------------+-----
Summonings     | 4 5 |  5.4
Spellcasting   | 2 3 4 |  4.6
Armour         | 1 |  1.3
Dodging        | 2 |  2.0
Invocations    | 1 |  1.6
Fighting       | 1 |  1.0
Maces & Flails | |  0.1
Stealth        | |  2.1

Action                   |  1- 3 |  4- 6 |  7- 9 || total
-------------------------+-------+-------+-------++-------
Melee: Dagger            |     1 |       |       ||     1
       Whip              |     7 |    79 |     3 ||    89
 Cast: Summon Small Mamm |    83 |   100 |     2 ||   185
       Call Canine Famil |     1 |    21 |     5 ||    27
       Call Imp          |       |    13 |    11 ||    24
       Magic Dart        |       |     5 |       ||     5
  Use: Scroll            |     2 |     1 |       ||     3
       Potion            |       |       |     1 ||     1
  Eat: Chunk             |     5 |    14 |     1 ||    20
Armor: Robe              |     8 |       |       ||     8
       Scale mail        |       |    59 |       ||    59
       Leather armour    |       |     3 |     7 ||    10
Dodge: Dodged            |    11 |    72 |    23 ||   106
